 Dungeon Crawl Stone Soup version 0.18-a0-1772-gce6d5cf (webtiles) character file.

801 Eucla the Martial Artist (level 7, -2/46 HPs)
             Began as an Octopode Monk on Apr 14, 2016.
             Was a Priest of Okawaru.
             Killed from afar by an orc wizard (7 damage)
             ... with a magic dart
             ... on level 5 of the Dungeon.
             The game lasted 00:07:23 (4323 turns).

Eucla the Martial Artist (Octopode Monk)            Turns: 4323, Time: 00:07:23

Health: -2/46      AC:  1    Str: 12 (13) XL:     7   Next: 90%
Magic:  7/7        EV: 13    Int: 10 (12) God:    Okawaru [***...]
Gold:   319        SH:  0    Dex: 14      Spells: 0 memorised, 6 levels left

rFire  . . .     SeeInvis .       - Unarmed
rCold  . . .     Gourm    .     (no shield)
rNeg   . . .     Faith    .     (helmet restricted)
rPois  .         Spirit   .     (no amulet)
rElec  .         Dismiss  .     (no ring)
rCorr  .         Reflect  .     (no ring)
SustAt .         Harm     .     (no ring)
MR     .....                    (no ring)
Stlth  +++.......               (no ring)
                                (no ring)
                                (no ring)
                                (no ring)

@: not resistant to hostile enchantments, fairly stealthy
A: almost no armour, amphibious, 8 rings, constrict 8, camouflage 1, gelatinous
body 1
a: Heroism, Renounce Religion


You were on level 5 of the Dungeon.
You worshipped Okawaru.
Okawaru was most pleased with you.
You were hungry.

You visited 1 branch of the dungeon, and saw 5 of its levels.

You collected 319 gold pieces.

Inventory:

Hand Weapons
 l - a +0 short sword of venom
Scrolls
 b - 2 scrolls of remove curse {unknown}
 c - a scroll of enchant armour {unknown}
 d - a scroll of recharging {unknown}
 e - 2 scrolls of fear {unknown}
 j - 2 scrolls of teleportation {unknown}
 k - a scroll of blinking {unknown}
 s - 2 scrolls of enchant weapon
 t - a scroll of immolation {unknown}
Potions
 f - a potion of curing
 g - a potion of heal wounds
 h - a potion of lignification
 n - a potion of berserk rage
 q - a potion of haste
Books
 o - a book of Conjurations

   Spells                             Type                      Level
   a - Magic Dart                     Conjuration                  1
   b - Searing Ray                    Conjuration                  2
   c - Dazzling Spray                 Conjuration/Hexes            3
   d - Fulminant Prism                Conjuration/Hexes            4
   e - Iskenderun's Mystic Blast      Conjuration                  4
   f - Iskenderun's Battlesphere      Conjuration/Charms           5
Comestibles
 a - 4 bread rations
 i - a meat ration


   Skills:
 - Level 3.0 Fighting
 - Level 3.0 Dodging
 - Level 2.6 Stealth
 + Level 9.5 Unarmed Combat


You had 6 spell levels left.
You didn't know any spells.

Dungeon Overview and Level Annotations

Branches:
Dungeon (5/15)             Temple (0/1) D:4

Altars:
Makhleb
Okawaru
Trog
Vehumet


Innate Abilities, Weirdness & Mutations

You cannot wear most types of armour.
You are amphibious.
You can wear up to eight rings at the same time.
You can use your tentacles to constrict eight enemies at once.
Your skin changes colour to match your surroundings (Stealth).
Your rubbery body absorbs attacks (AC +1).


Message History

You see here 12 gold pieces.
You closely miss the orc. You grab the orc. You constrict the orc.
Unknown command.
You bludgeon the orc!
You kill the orc!
Okawaru accepts your kill.
The orc hits you from afar with a trident!
* * * LOW HITPOINT WARNING * * *
You are too injured to fight recklessly!
The orc wizard casts a spell.
The orc wizard blinks!
The orc wizard hits you with a dagger.
* * * LOW HITPOINT WARNING * * *
The orc wizard gestures at you while chanting.
The magic dart hits you!
* * * LOW HITPOINT WARNING * * *
An orc comes into view. It is wielding a flail of venom.
The orc wizard gestures at you while chanting.
The magic dart hits you!
You die...

#.##.......##....#
#.##.......#####.# .#
#.##.......# #.# #.#
##.##############.# #.#
......)>..........# #.#
##.####.#########.# #.# # ...#
#.# #.## #.#.#
...####.#########..#####.#.#####
##.#............@.o.o.o)........
#.#.#############So####...#...
##.#.#....<......#..?......#
...#.###.#.#####.#...####..#
####.# #.#.......#.#... ..#
.....# #....##.#.#.#..## .##
###### #.......#.#.#..# .# #
#....####.#.#... .# #
#.#.......# .#


You could see an orc wizard, an adder and 3 orcs.

Vanquished Creatures
  Sigmund (D:4)
  The ghost of Kaishin the Insei, an amateur OpTm of Gozag (D:4)
  An orc warrior (D:4)
  An ogre (D:4)
  A hound (D:4)
  2 orc priests
  An iguana (D:4)
  3 gnolls (D:3)
  6 adders
  A shadow imp (D:4)
  An ooze (D:4)
  An adder skeleton (D:5)
  4 worms
  4 dart slugs
  4 giant geckos
  12 orcs
  3 ball pythons
  4 giant cockroaches
  7 goblins
  11 hobgoblins
  9 jackals
  7 kobolds
  4 quokkas
  7 bats
  6 giant newts
  5 rats
107 creatures vanquished.

Notes
Turn   | Place    | Note
--------------------------------------------------------------
     0 | D:1      | Eucla the Octopode Monk began the quest for the Orb.
     0 | D:1      | Reached XP level 1. HP: 16/16 MP: 1/1
   276 | D:1      | Reached XP level 2. HP: 15/21 MP: 2/2
   700 | D:1      | Reached XP level 3. HP: 17/26 MP: 3/3
   877 | D:1      | Reached skill level 5 in Unarmed Combat
  1356 | D:2      | Found an iron altar of Okawaru.
  1367 | D:2      | Became a worshipper of Warmaster Okawaru
  1367 | D:2      | Reached * piety under Okawaru
  1367 | D:2      | Reached ** piety under Okawaru
  1470 | D:2      | Found a radiant altar of Vehumet.
  1470 | D:2      | Found a burning altar of Makhleb.
  1928 | D:3      | Found a bloodstained altar of Trog.
  1929 | D:3      | Reached XP level 4. HP: 26/31 MP: 4/4
  2122 | D:3      | Reached skill level 6 in Unarmed Combat
  2290 | D:3      | Reached XP level 5. HP: 33/36 MP: 5/5
  3050 | D:4      | Noticed an orc warrior
  3263 | D:4      | Reached skill level 7 in Unarmed Combat
  3289 | D:4      | Noticed Kaishin's ghost (amateur OpTm)
  3292 | D:4      | Noticed Sigmund
  3305 | D:4      | Killed Kaishin's ghost
  3305 | D:4      | Reached XP level 6. HP: 42/42 MP: 3/6
  3335 | D:4      | Killed Sigmund
  3335 | D:4      | Reached *** piety under Okawaru
  3335 | D:4      | Reached skill level 8 in Unarmed Combat
  3335 | D:4      | Reached XP level 7. HP: 34/46 MP: 7/7
  3477 | D:4      | Found a staircase to the Ecumenical Temple.
  3736 | D:4      | Received a gift from Okawaru
  3736 | D:4      | Reached skill level 9 in Unarmed Combat
  4146 | D:5      | Entered Level 5 of the Dungeon
  4323 | D:5      | Killed from afar by an orc wizard

Vault maps used:
D:1:      dpeg_arrival_houses_and_road
D:2:      nicolae_overflow_hidden_temple, okawaru_gym_becter
D:3:      grunt_ministairs_9, bloody_trog
D:4:      minmay_temple_entry_junction2, first_bread, uniq_sigmund
D:5:      st_stairs_8

Skill      XL: |  1  2  3  4  5  6  7 |
---------------+----------------------+-----
Unarmed Combat | 5 6 7 8 9 |  9.5
Fighting       | |  3.0
Dodging        | |  3.0
Stealth        | |  2.6

Action                   |  1- 3 |  4- 6 |  7- 9 || total
-------------------------+-------+-------+-------++-------
Melee: Unarmed           |    52 |    13 |    49 ||   114
       Constrict         |    25 |    30 |    11 ||    66
       Tentacles         |    13 |    19 |     9 ||    41
       Short sword       |    26 |    83 |       ||   109
       Punch             |     4 |     4 |     1 ||     9
Invok: Heroism           |       |     1 |     1 ||     2
  Use: Potion            |       |     6 |       ||     6
       Scroll            |       |       |     2 ||     2
 Stab: Sleeping          |    11 |     9 |     3 ||    23
  Eat: Chunk             |     1 |     2 |     1 ||     4
       Bread ration      |     1 |       |       ||     1
       Beef jerky        |       |       |     1 ||     1
Armor: Skin              |     6 |     6 |       ||    12
Dodge: Dodged            |    39 |    58 |    26 ||   123
